[Event "Titled Tuesday Blitz May 16 Early 2023"]
[White "Chakravarthi Reddy, M"]
[Black "Sowul, Bartosz"]
[WhiteFideId "25009532"]
[BlackFideId "1137590"]
[WhiteElo "2201"]
[BlackElo "2188"]
[Result "0-1"]
[Round "06"]
[TimeControl "180+2"]
[Date "2023.05.16"]
[WhiteClock "0:00:27"]
[BlackClock "0:00:29"]

1. e4 c5 2. Nf3 d6 3. d4 cxd4 4. Nxd4 Nf6 5. Nc3 Nc6 6. Bc4 e6 7. Nxc6 bxc6 8. Be3 Be7 9. Qe2 O-O 10. g4 d5 11. O-O-O Qa5 12. g5 dxc4 13. gxf6 Bxf6 14. Bd4 e5 15. Be3 Be6 16. Bd2 Qb6 17. Kb1 Rfb8 18. Bc1 Bg5 19. Na4 Qb4 20. c3 Qe7 21. Bxg5 Qxg5 22. Nc5 Bg4 23. f3 Qe7 24. Na6 Rb6 25. fxg4 Rxa6 26. Qxc4 Rb6 27. Rd2 Rab8 28. Rhd1 g6 29. Rd7 Rxb2+ 30. Ka1 Qxd7 31. Rxd7 Rb1# 0-1


[Site "https://www.chess.com"]

[Event "Titled Tuesday Blitz May 16 Early 2023"]
[White "UNSTOPPABLE_LEGEND"]
[Black "Wimalasuriya, Kasun M."]
[BlackFideId "9906789"]
[WhiteElo "2460"]
[BlackElo "2247"]
[Result "0-1"]
[Round "06"]
[TimeControl "180+2"]
[Date "2023.05.16"]
[WhiteClock "0:00:00"]
[BlackClock "0:00:44"]

1. c4 Nf6 2. Nc3 c5 3. Nf3 Nc6 4. g3 g6 5. d4 cxd4 6. Nxd4 Bg7 7. Bg2 O-O 8. O-O Qc7 9. Ndb5 Qd8 10. e4 d6 11. h3 a6 12. Na3 Bd7 13. Be3 Rc8 14. Rc1 Qa5 15. Qe2 Qh5 16. g4 Qa5 17. g5 Nh5 18. Nd5 Qd8 19. b4 e6 20. Nb6 Rc7 21. Qd2 Bc8 22. Rfd1 e5 23. Qxd6 Nd4 24. Nxc8 Qxc8 25. Bxd4 exd4 26. c5 Rd8 27. Qh2 Re7 28. Nc4 Qe6 29. f4 d3 30. Nd6 Bd4+ 31. Kh1 Qxa2 32. Rxd3 Qb2 33. Rcd1 Bf2 34. Nf5 Rxd3 35. Nxe7+ Kf8 36. Rf1 Ng3+ 37. Qxg3 Bxg3 38. Nd5 Qe2 39. e5 Rd2 40. Rg1 Bf2 41. Rf1 Bd4 0-1


[Site "https://www.chess.com"]

[Event "Titled Tuesday Blitz May 16 Early 2023"]
[White "Rom, Jasper"]
[Black "Smietanska, Wiktoria"]
[WhiteFideId "2023733"]
[BlackFideId "21869359"]
[WhiteElo "2233"]
[BlackElo "1995"]
[Result "1-0"]
[Round "06"]
[TimeControl "180+2"]
[Date "2023.05.16"]
[WhiteClock "0:02:26"]
[BlackClock "0:01:14"]

1. e4 c5 2. Nc3 Nc6 3. f4 g6 4. Nf3 Bg7 5. Bb5 Nd4 6. O-O Nxb5 7. Nxb5 Nf6 8. d3 d5 9. Qe1 O-O 10. Nc3 d4 11. Ne2 b5 12. Qh4 Bb7 13. f5 gxf5 14. Bh6 Bxh6 15. Qxh6 fxe4 16. Ng5 exd3 17. Rxf6 Be4 18. Nxe4 Qd5 19. Ng5 exf6 20. Qxh7# 1-0


[Site "https://www.chess.com"]

[Event "Titled Tuesday Blitz May 16 Early 2023"]
[White "Chernov, Mikhail"]
[Black "Winkels, Marcel"]
[WhiteFideId "24143170"]
[BlackFideId "1003887"]
[WhiteElo "2113"]
[BlackElo "1900"]
[Result "1-0"]
[Round "06"]
[TimeControl "180+2"]
[Date "2023.05.16"]
[WhiteClock "0:01:48"]
[BlackClock "0:00:34"]

1. d4 Nf6 2. Nc3 d5 3. Bf4 c5 4. e3 Nc6 5. Nb5 Qa5+ 6. c3 Kd8 7. Bc7+ Qxc7 8. Nxc7 Kxc7 9. dxc5 e5 10. b4 Be6 11. Nf3 Rd8 12. Bb5 Ne4 13. Bxc6 bxc6 14. Qa4 Kb8 15. Nxe5 Nxc3 16. Nxc6+ Kc7 17. Qa5+ Kxc6 18. Qxd8 g6 19. O-O Bg7 20. Qe7 Rc8 21. Qxa7 Ne2+ 22. Kh1 Bxa1 23. Rxa1 Rc7 24. Qa6+ Kd7 25. Qxe2 1-0


[Site "https://www.chess.com"]

[Event "Titled Tuesday Blitz May 16 Early 2023"]
[White "Jaivardhan Raj"]
[Black "Begunov, Konstantin"]
[WhiteFideId "25744437"]
[BlackFideId "4118510"]
[WhiteElo "1772"]
[BlackElo "2050"]
[Result "0-1"]
[Round "06"]
[TimeControl "180+2"]
[Date "2023.05.16"]
[WhiteClock "0:00:07"]
[BlackClock "0:00:11"]

1. e4 c5 2. Nf3 d6 3. d4 cxd4 4. Qxd4 a6 5. c4 Nc6 6. Qe3 Bg4 7. Nc3 Rc8 8. Be2 Bxf3 9. gxf3 g6 10. Nd5 Bg7 11. Rb1 Nd4 12. Qd2 e6 13. Ne3 Qf6 14. Qd1 Ne7 15. Ng4 Qh4 16. Bf4 d5 17. Bg3 Qg5 18. h4 Qh5 19. e5 Nxe2 20. Qxe2 dxc4 21. Bf4 Qf5 22. Rd1 Qxf4 23. Qe3 Qxe3+ 24. fxe3 Nd5 25. e4 Nb4 26. h5 Nxa2 27. h6 O-O 28. hxg7 Kxg7 29. Rh6 Nb4 30. Ke2 Rh8 31. Rdh1 Nd3 32. Nf6 Nxe5 33. Rxh7+ Rxh7 34. Rxh7+ Kxf6 35. f4 Nd3 36. e5+ Ke7 37. Rh4 Nxb2 38. Rh2 c3 39. Ke1 c2 40. Rxc2 Rxc2 41. Kf1 Rh2 42. Kg1 Rd2 43. Kf1 Nc4 44. Ke1 a5 45. Kf1 a4 46. Ke1 a3 0-1


[Site "https://www.chess.com"]

[Event "Titled Tuesday Blitz May 16 Early 2023"]
[White "Brown, Raehanna"]
[Black "liwadas82"]
[WhiteFideId "7402740"]
[WhiteElo "1655"]
[BlackElo "2455"]
[Result "0-1"]
[Round "06"]
[TimeControl "180+2"]
[Date "2023.05.16"]
[WhiteClock "0:00:00"]
[BlackClock "0:00:33"]

1. c4 e5 2. Nc3 d6 3. g3 f5 4. Bg2 Nf6 5. d3 Be7 6. e3 O-O 7. Nge2 a5 8. O-O Na6 9. b3 c6 10. Bb2 Qe8 11. Qd2 Qh5 12. f4 Nc5 13. Ba3 a4 14. Bxc5 dxc5 15. fxe5 Ng4 16. h3 Nxe5 17. Nf4 Qf7 18. d4 cxd4 19. exd4 Ng6 20. Nxa4 Nxf4 21. gxf4 Rd8 22. Rad1 Bf6 23. Qe3 Re8 24. Qf2 Rxa4 25. bxa4 Qxc4 26. d5 Qxa4 27. dxc6 bxc6 28. Kh1 Kh8 29. Rc1 Bd7 30. Qc2 Qa3 31. Rfd1 Rd8 32. Rxd7 Rxd7 33. Qxc6 Rd8 34. Re1 Qf8 35. a4 Rc8 0-1


[Site "https://www.chess.com"]

[Event "Titled Tuesday Blitz May 16 Early 2023"]
[White "Srebrnic, Marko"]
[Black "dDobravcan"]
[WhiteFideId "14603616"]
[WhiteElo "2341"]
[BlackElo "2141"]
[Result "1-0"]
[Round "06"]
[TimeControl "180+2"]
[Date "2023.05.16"]
[WhiteClock "0:00:10"]
[BlackClock "0:00:44"]

1. e4 d6 2. d4 Nf6 3. Nc3 c6 4. f4 Qa5 5. Bd3 e5 6. dxe5 dxe5 7. fxe5 Ng4 8. Nf3 Nd7 9. O-O Qc5+ 10. Kh1 Nf2+ 11. Rxf2 Qxf2 12. Bf4 b5 13. Ne2 Bc5 14. Ng3 Be3 15. Bxe3 Qxe3 16. Nf5 Qc5 17. Nxg7+ Kf8 18. Nh5 Nxe5 19. Nxe5 Qxe5 20. Qf3 Be6 21. Rf1 Rg8 22. Nf6 Rg7 23. h3 Rd8 24. g4 a6 25. b4 c5 26. bxc5 Qxc5 27. Nh5 Rg6 28. Nf6 Qe5 29. Nh5 Rd7 30. Qe3 Qd4 31. Qf4 h6 32. Qb8+ Rd8 33. Qc7 Qe3 34. Kg2 Re8 35. Qd6+ Re7 36. Qd8+ Re8 37. Qd6+ Re7 38. Nf6 Qg5 39. Qd8+ Kg7 40. Qg8# 1-0


[Site "https://www.chess.com"]

[Event "Titled Tuesday Blitz May 16 Early 2023"]
[White "Zavortink, Matt"]
[Black "Torres Dominguez, David"]
[WhiteFideId "2034263"]
[BlackFideId "2220857"]
[WhiteElo "2449"]
[BlackElo "1999"]
[Result "1-0"]
[Round "06"]
[TimeControl "180+2"]
[Date "2023.05.16"]
[WhiteClock "0:00:12"]
[BlackClock "0:00:00"]

1. Nf3 d5 2. g3 Nc6 3. d4 Bg4 4. Bg2 Qd7 5. h3 Bf5 6. c4 e6 7. Nc3 Bb4 8. O-O Bxc3 9. bxc3 Nf6 10. Nh4 Bg6 11. Nxg6 hxg6 12. Rb1 O-O 13. cxd5 Nxd5 14. Qc2 Nb6 15. Rd1 Rab8 16. e4 Na5 17. h4 Nbc4 18. Qe2 b5 19. h5 gxh5 20. Qxh5 Qe7 21. e5 f5 22. Bf3 Qf7 23. Qh3 g6 24. Bh6 Rfd8 25. Kg2 Qh7 26. Rh1 Kf7 27. Rbd1 Rh8 28. Qh4 c6 29. Qf6+ Ke8 30. Qxe6+ Qe7 31. Bxc6+ Nxc6 32. Qxc6+ Kd8 33. Bg5 Qxg5 34. Rxh8+ Ke7 35. Qc7+ Ke6 36. Qc6+ Ke7 37. Rh7+ Kf8 38. Qc7 1-0


[Site "https://www.chess.com"]

[Event "Titled Tuesday Blitz May 16 Early 2023"]
[White "Sanchez, Robert"]
[Black "Avazkhonov, Alikhon"]
[WhiteFideId "2034360"]
[BlackFideId "14208504"]
[WhiteElo "1873"]
[BlackElo "1739"]
[Result "0-1"]
[Round "06"]
[TimeControl "180+2"]
[Date "2023.05.16"]
[WhiteClock "0:02:09"]
[BlackClock "0:02:10"]

1. e4 c5 2. d4 cxd4 3. c3 dxc3 4. Nxc3 Nc6 5. Nf3 e6 6. Bc4 Bb4 7. O-O Nge7 8. Nb5 d5 9. exd5 exd5 10. Bxd5 Nxd5 11. Qxd5 O-O 12. Qh5 a6 13. Nc3 h6 14. Rd1 Qf6 15. Nd5 Qg6 16. Qxg6 fxg6 17. Nxb4 Nxb4 18. a3 Nc2 19. Rb1 Bf5 20. Nh4 0-1


[Site "https://www.chess.com"]

[Event "Titled Tuesday Blitz May 16 Early 2023"]
[White "Maluco_do_Natal_00"]
[Black "Aradhya, Garg"]
[BlackFideId "25006746"]
[WhiteElo "2031"]
[BlackElo "2263"]
[Result "0-1"]
[Round "06"]
[TimeControl "180+2"]
[Date "2023.05.16"]
[WhiteClock "0:00:00"]
[BlackClock "0:02:06"]

1. e4 e5 2. Nf3 Nc6 3. Bb5 a6 4. Ba4 Nf6 5. O-O Be7 6. Re1 b5 7. Bb3 O-O 8. a4 b4 9. a5 d6 10. d3 Rb8 11. Nbd2 Be6 12. Bc4 Qc8 13. c3 Rd8 14. Ng5 Bxc4 15. Nxc4 d5 16. exd5 Rxd5 17. Ne3 Rxa5 18. Rxa5 Nxa5 19. Qa4 bxc3 20. bxc3 Nb3 21. Ba3 Qe8 22. Qxe8+ Rxe8 23. Bxe7 Rxe7 24. Rb1 Nc5 25. d4 exd4 26. cxd4 Ncd7 27. Ra1 Nb8 28. Rb1 Re8 29. Rb7 Rc8 30. Ra7 h6 31. Nf3 Ne4 32. Ne5 Nd6 33. Nd5 Kf8 34. Rxc7 Rxc7 35. Nxc7 a5 36. Kf1 a4 37. Ke1 a3 0-1


[Site "https://www.chess.com"]

[Event "Titled Tuesday Blitz May 16 Early 2023"]
[White "Grossboss19"]
[Black "Sharapov, Evgeny"]
[BlackFideId "14103133"]
[WhiteElo "2438"]
[BlackElo "2367"]
[Result "0-1"]
[Round "06"]
[TimeControl "180+2"]
[Date "2023.05.16"]
[WhiteClock "0:00:07"]
[BlackClock "0:00:36"]

1. c4 c5 2. Nc3 Nc6 3. Nf3 e5 4. g3 g6 5. Bg2 Bg7 6. O-O d6 7. a3 a5 8. Ne1 Be6 9. d3 Nge7 10. Nc2 d5 11. cxd5 Nxd5 12. Ne3 Nde7 13. Nc4 O-O 14. Ne4 b6 15. Rb1 Rb8 16. Bg5 f6 17. Be3 Nd5 18. h4 Nxe3 19. fxe3 Ne7 20. Nc3 Kh8 21. b4 cxb4 22. axb4 axb4 23. Rxb4 Nf5 24. e4 Nxg3 25. Rf2 f5 26. exf5 Nxf5 27. h5 Bxc4 28. dxc4 Qxd1+ 29. Nxd1 gxh5 30. Bh3 Nd4 31. e3 Nf3+ 32. Kg2 Ne1+ 33. Kg3 Nd3 34. Rxf8+ Bxf8 35. Rb3 e4 36. Bf5 Bd6+ 37. Kh3 Nc5 38. Rb2 Kg7 39. Rg2+ Kf6 40. Bg6 hxg6 41. Nc3 g5 42. Nd5+ Kg6 43. Rf2 g4+ 44. Kh4 Rf8 45. Rxf8 Bxf8 46. Nf4+ Kf5 47. Nxh5 Be7+ 48. Kg3 Bd6+ 49. Kh4 Be5 0-1


[Site "https://www.chess.com"]

[Event "Titled Tuesday Blitz May 16 Early 2023"]
[White "Rangel, Daniel"]
[Black "Chernomordik, Pavel"]
[WhiteFideId "2124475"]
[BlackFideId "2804530"]
[WhiteElo "2256"]
[BlackElo "2193"]
[Result "0-1"]
[Round "06"]
[TimeControl "180+2"]
[Date "2023.05.16"]
[WhiteClock "0:00:00"]
[BlackClock "0:00:40"]

1. e4 g6 2. d4 Bg7 3. Nc3 d6 4. Nf3 a6 5. a4 b6 6. Bc4 e6 7. O-O Bb7 8. Bg5 Ne7 9. Qd2 h6 10. Be3 g5 11. h4 g4 12. Nh2 h5 13. g3 Nd7 14. b4 Nf6 15. Bd3 Qd7 16. Bg5 Nh7 17. Be3 f5 18. d5 e5 19. Bh6 O-O 20. Bxg7 Kxg7 21. f4 exf4 22. Rxf4 fxe4 23. Rxe4 Nxd5 24. Nxd5 Bxd5 25. Rd4 Bb7 26. Rf1 Rxf1+ 27. Nxf1 Rf8 28. Ne3 Rf3 29. Rf4 Rxf4 30. gxf4 Qc6 31. Nf5+ Kf8 32. Kf2 Qg2+ 0-1


[Site "https://www.chess.com"]

[Event "Titled Tuesday Blitz May 16 Early 2023"]
[White "Sargissyan, Sargis"]
[Black "Przybylski, Wojciech"]
[WhiteFideId "13303210"]
[BlackFideId "1117599"]
[WhiteElo "2109"]
[BlackElo "2222"]
[Result "1-0"]
[Round "06"]
[TimeControl "180+2"]
[Date "2023.05.16"]
[WhiteClock "0:00:46"]
[BlackClock "0:00:04"]

1. e4 c5 2. Nf3 d6 3. d4 cxd4 4. Nxd4 Nf6 5. Nc3 a6 6. Bg5 e6 7. f4 Qb6 8. Nb3 Nbd7 9. Qd2 h6 10. Bh4 g5 11. Bf2 Qc7 12. g3 b5 13. a3 Bb7 14. Bg2 Rd8 15. O-O-O Be7 16. Kb1 Nc5 17. Qe2 Nxb3 18. cxb3 gxf4 19. gxf4 Rg8 20. Bf3 Bc6 21. Rhg1 Qb7 22. Rxg8+ Nxg8 23. f5 Nf6 24. fxe6 fxe6 25. Bh5+ Kd7 26. e5 Ne4 27. exd6 Nxc3+ 28. bxc3 Be4+ 29. Kb2 Bf6 30. Re1 Bf5 31. Bg4 Qd5 32. Bxf5 Qxf5 33. Qe3 Ke8 34. Qxe6+ Qxe6 35. Rxe6+ Kf7 36. Rxf6+ Kg7 37. Bh4 Rd7 38. Re6 Kg8 39. Be7 Kf7 40. Rxh6 b4 41. axb4 Rb7 42. Rh7+ Ke6 43. Rh8 Rb5 44. Rf8 Rh5 45. h4 Kd7 46. Rd8+ Ke6 47. Bg5 Rh7 48. d7 Rxd7 49. Rxd7 Kxd7 50. c4 Ke6 51. b5 axb5 52. cxb5 Kd5 53. b6 Kc6 54. h5 Kxb6 55. h6 Kc6 56. h7 Kd5 57. h8=Q Ke6 58. Qf6+ Kd5 59. Kc3 Ke4 60. Qf4+ Kd5 61. Qd4+ Ke6 62. Qe4+ Kd6 63. Bf4+ Kc5 64. b4+ Kb5 65. Qb7+ Ka4 66. Qa6# 1-0


[Site "https://www.chess.com"]

[Event "Titled Tuesday Blitz May 16 Early 2023"]
[White "Yurasova, Daria"]
[Black "Mike24147"]
[WhiteFideId "34146919"]
[WhiteElo "2109"]
[BlackElo "2338"]
[Result "1-0"]
[Round "06"]
[TimeControl "180+2"]
[Date "2023.05.16"]
[WhiteClock "0:01:13"]
[BlackClock "0:00:00"]

1. d4 d5 2. Nf3 c6 3. Bf4 Nf6 4. Nbd2 Qb6 5. Qc1 Bf5 6. e3 e6 7. Be2 Nbd7 8. O-O Be7 9. c4 O-O 10. c5 Qd8 11. b4 h6 12. h3 Ne4 13. a4 Nxd2 14. Qxd2 Be4 15. b5 f6 16. Bh2 e5 17. a5 g5 18. a6 bxa6 19. bxc6 Nb8 20. dxe5 Nxc6 21. Rxa6 Qc8 22. exf6 Rxf6 23. Rfa1 Bxc5 24. Ne5 Bb6 25. Bg4 Qd8 26. Nd7 Rf7 27. Nxb6 Nb8 28. Nxa8 Nxa6 29. Be6 Qxa8 30. Bxf7+ Kxf7 31. Rxa6 Qb7 32. Ra1 d4 33. Qxd4 Bxg2 34. Rxa7 1-0


[Site "https://www.chess.com"]

[Event "Titled Tuesday Blitz May 16 Early 2023"]
[White "Hinds, Nathan"]
[Black "Pham, Le Thao Nguyen"]
[WhiteFideId "7400730"]
[BlackFideId "12401226"]
[WhiteElo "2001"]
[BlackElo "2286"]
[Result "1-0"]
[Round "06"]
[TimeControl "180+2"]
[Date "2023.05.16"]
[WhiteClock "0:00:02"]
[BlackClock "0:00:00"]

1. Nf3 d5 2. d4 c6 3. c4 Nf6 4. g3 Bf5 5. Bg2 e6 6. O-O Nbd7 7. b3 h6 8. Bb2 Be7 9. Nc3 O-O 10. Re1 a5 11. a4 Bb4 12. Nd2 Re8 13. e4 dxe4 14. Ndxe4 Nxe4 15. Bxe4 Bxe4 16. Rxe4 e5 17. dxe5 Nxe5 18. Qe2 Ng6 19. Rd1 Qc8 20. Na2 Bc5 21. Kg2 Rxe4 22. Qxe4 Qc7 23. Rd3 Rd8 24. Rxd8+ Qxd8 25. Qe2 Qd7 26. Nc3 f6 27. Ne4 Bb4 28. f3 Qe7 29. Kf2 Ne5 30. Bc3 Bxc3 31. Nxc3 Qc5+ 32. Qe3 Nd3+ 33. Ke2 Qxe3+ 34. Kxe3 Nc5 35. b4 1-0


[Site "https://www.chess.com"]

[Event "Titled Tuesday Blitz May 16 Early 2023"]
[White "Prieto Aranguren, Alain"]
[Black "Toncheva, Nadya"]
[WhiteFideId "2268906"]
[BlackFideId "2924056"]
[WhiteElo "2209"]
[BlackElo "2101"]
[Result "0-1"]
[Round "06"]
[TimeControl "180+2"]
[Date "2023.05.16"]
[WhiteClock "0:00:46"]
[BlackClock "0:00:41"]

1. e4 c5 2. Bc4 Nc6 3. d3 g6 4. Qf3 e6 5. Nc3 Bg7 6. Qg3 Nd4 7. Kd1 Ne7 8. Nf3 O-O 9. h4 h5 10. Bg5 a6 11. Qd6 f6 12. Be3 Nxf3 13. gxf3 b6 14. Rg1 Bb7 15. Rg3 Nc8 16. Qf4 Kh7 17. Rg2 d5 18. Qg3 Ne7 19. Bb3 c4 20. f4 cxb3 21. axb3 d4 22. f5 dxe3 23. fxg6+ Kg8 24. Qf3 exf2 25. Ke2 f5 26. Qxh5 Rf6 27. Qh7+ Kf8 28. h5 Ng8 29. e5 Bxg2 30. exf6 f1=Q+ 31. Rxf1 Bxf1+ 32. Kxf1 Qxf6 0-1


[Site "https://www.chess.com"]

[Event "Titled Tuesday Blitz May 16 Early 2023"]
[White "Rian, Kapriaga"]
[Black "Balla, Tamas-Kristof"]
[WhiteFideId "7103263"]
[BlackFideId "1208497"]
[WhiteElo "2323"]
[BlackElo "2334"]
[Result "0-1"]
[Round "06"]
[TimeControl "180+2"]
[Date "2023.05.16"]
[WhiteClock "0:00:00"]
[BlackClock "0:00:27"]

1. d4 d5 2. Bf4 Nf6 3. e3 c5 4. c3 Qb6 5. Qb3 c4 6. Qxb6 axb6 7. Nd2 b5 8. a3 Nc6 9. Rc1 Bf5 10. h3 e6 11. Ngf3 h6 12. g4 Bh7 13. Ne5 Nxe5 14. Bxe5 Nd7 15. Bg3 Nb6 16. e4 dxe4 17. Be2 Na4 18. b3 Bxa3 19. bxa4 Bxc1 20. axb5 Bxd2+ 21. Kxd2 Ra2+ 22. Ke3 Rc2 23. Bd6 Rxc3+ 24. Kd2 Rb3 25. Bxc4 Rb2+ 26. Kc3 Rxf2 27. b6 Kd7 28. Bc5 Ra8 29. Bb5+ Kc8 30. Rc1 Raa2 31. d5 e3 32. Bxe3 Rfc2+ 33. Rxc2 Rxc2+ 34. Kb3 exd5 35. Bd4 f6 36. h4 Rg2 37. g5 hxg5 38. hxg5 Rxg5 39. Kb4 Be4 40. Kc5 f5 41. Kd6 Rg6+ 42. Ke7 Kb8 43. Be5+ Ka8 44. Bc7 Rf6 45. Be5 Rxb6 0-1


[Site "https://www.chess.com"]

[Event "Titled Tuesday Blitz May 16 Early 2023"]
[White "Rodchenkov, Sergey D."]
[Black "Smith, Shreyas"]
[WhiteFideId "4168712"]
[BlackFideId "7400713"]
[WhiteElo "2277"]
[BlackElo "2151"]
[Result "0-1"]
[Round "06"]
[TimeControl "180+2"]
[Date "2023.05.16"]
[WhiteClock "0:02:28"]
[BlackClock "0:02:11"]

1. e4 c5 2. Nf3 Nc6 3. d4 cxd4 4. Nxd4 e5 5. Nb5 d6 6. c4 Be7 7. N5c3 Nf6 8. Be2 O-O 9. O-O Nd4 10. Be3 Nxe2+ 11. Qxe2 Be6 12. f3 a6 13. Nd2 Nh5 14. Rfd1 Bg5 15. Nf1 Rc8 16. b3 b5 17. Nd5 Bxd5 18. Rxd5 Bxe3+ 19. Nxe3 Nf4 20. Rd2 Nxe2+ 0-1


[Site "https://www.chess.com"]

[Event "Titled Tuesday Blitz May 16 Early 2023"]
[White "drdaro"]
[Black "Baches Garcia, Guillermo"]
[BlackFideId "2209764"]
[WhiteElo "2332"]
[BlackElo "2478"]
[Result "0-1"]
[Round "06"]
[TimeControl "180+2"]
[Date "2023.05.16"]
[WhiteClock "0:00:08"]
[BlackClock "0:00:09"]

1. d4 d5 2. Nf3 e6 3. h3 h6 4. c4 Nf6 5. cxd5 exd5 6. Nc3 c6 7. Bf4 Bd6 8. e3 O-O 9. Bd3 Bxf4 10. exf4 Re8+ 11. Ne2 Na6 12. O-O Nb4 13. Bb1 a5 14. a3 Na6 15. Ne5 Qb6 16. Qc2 c5 17. Rd1 c4 18. g4 Qb3 19. Qxb3 cxb3 20. Bd3 Nd7 21. Nc1 f6 22. Nxd7 Bxd7 23. Nxb3 a4 24. Bxa6 bxa6 25. Nc5 Bb5 26. Re1 Kf7 27. f5 h5 28. f3 hxg4 29. fxg4 g6 30. fxg6+ Kxg6 31. Kf2 f5 32. Re5 Rxe5 33. dxe5 fxg4 34. hxg4 d4 35. Rd1 Rf8+ 36. Kg3 Rd8 37. e6 Kf6 38. Kf4 d3 39. g5+ Ke7 40. Ke5 d2 41. Ne4 Rh8 42. Rxd2 Rh3 43. Rf2 Be8 44. Rc2 Re3 45. Rc7+ Kd8 46. Rh7 Rxe4+ 47. Kxe4 Bg6+ 48. Ke5 Bxh7 49. Kf6 Ke8 50. g6 Bg8 51. g7 Bh7 52. Kg5 Ke7 53. Kh6 Bg8 54. Kg5 Kxe6 55. Kf4 Kf7 56. Ke4 Kxg7 57. Kd4 Bb3 58. Kc5 Kf7 59. Kb6 Ke6 60. Kxa6 Kd5 61. Kb5 Kd4 62. Kb4 Kd3 63. Kc5 Kc2 64. Kb5 Kxb2 65. Kb4 Bc2 66. Kc4 Bg6 67. Kd4 Kxa3 68. Kc3 Ka2 69. Kb4 a3 70. Kc3 Bf5 71. Kd2 Kb2 72. Kd1 a2 0-1


[Site "https://www.chess.com"]

[Event "Titled Tuesday Blitz May 16 Early 2023"]
[White "De Souza, Cristiano Gomes"]
[Black "Liu, Casper"]
[WhiteFideId "2151758"]
[BlackFideId "1454153"]
[WhiteElo "2068"]
[BlackElo "2221"]
[Result "0-1"]
[Round "06"]
[TimeControl "180+2"]
[Date "2023.05.16"]
[WhiteClock "0:01:09"]
[BlackClock "0:00:49"]

1. d4 c5 2. d5 g6 3. c4 Bg7 4. Nf3 d6 5. Nc3 f5 6. Bd2 Nf6 7. Qc2 O-O 8. e4 fxe4 9. Ng5 Bf5 10. Ngxe4 Nbd7 11. Bd3 Ne5 12. Nxf6+ Rxf6 13. Bxf5 Rxf5 14. Ne4 h6 15. O-O Kh7 16. Rae1 Qd7 17. f4 Ng4 18. Bc3 Bd4+ 19. Bxd4 cxd4 20. h3 Ne3 21. Rxe3 dxe3 22. Qd3 Qa4 23. Qxe3 Qxc4 24. Ng3 Rf7 25. f5 Qxd5 26. fxg6+ Kxg6 27. Rxf7 Kxf7 28. Qxh6 Rg8 29. Qh7+ Rg7 30. Qf5+ Qxf5 31. Nxf5 Rg5 32. Ne3 d5 33. Kf2 d4 34. Nc4 Rc5 35. b3 b5 36. Na3 e5 37. Kf3 Rc3+ 38. Ke4 Ke6 0-1


[Site "https://www.chess.com"]

[Event "Titled Tuesday Blitz May 16 Early 2023"]
[White "Flis, Pawel"]
[Black "Aarav Dengla"]
[WhiteFideId "1112864"]
[BlackFideId "45059756"]
[WhiteElo "1822"]
[BlackElo "2288"]
[Result "0-1"]
[Round "06"]
[TimeControl "180+2"]
[Date "2023.05.16"]
[WhiteClock "0:00:00"]
[BlackClock "0:01:38"]

1. e4 c5 2. Nf3 d6 3. d4 cxd4 4. Nxd4 Nf6 5. Nc3 a6 6. Bg5 e6 7. f4 Be7 8. Qf3 h6 9. Bh4 Nbd7 10. O-O-O g5 11. fxg5 hxg5 12. Bxg5 Ne5 13. Qf4 Nh5 14. Bxe7 Nxf4 15. Bxd8 Kxd8 16. g3 Nh3 17. Bxh3 Rxh3 18. Rdf1 Bd7 19. Nf3 Nxf3 20. Rxf3 Ke7 21. Rhf1 Rf8 22. R1f2 Be8 23. Ne2 Rfh8 24. Rb3 Bc6 25. Rbf3 R8h7 26. Rf4 Be8 27. Nd4 Rxh2 28. b3 Rh1+ 29. Kb2 Rg1 30. g4 Rg7 31. g5 R1xg5 32. Rh4 Rg3 33. Rd2 Re3 34. a4 Rg5 0-1


[Site "https://www.chess.com"]

[Event "Titled Tuesday Blitz May 16 Early 2023"]
[White "Mortazavi, Ali"]
[Black "Yonal, Timur"]
[WhiteFideId "401323"]
[BlackFideId "44115725"]
[WhiteElo "2339"]
[BlackElo "1966"]
[Result "1-0"]
[Round "06"]
[TimeControl "180+2"]
[Date "2023.05.16"]
[WhiteClock "0:00:06"]
[BlackClock "0:00:02"]

1. Nf3 d5 2. g3 c5 3. Bg2 Nc6 4. O-O e5 5. d3 Nf6 6. Nbd2 Be7 7. e4 O-O 8. c3 d4 9. cxd4 cxd4 10. Nc4 Qc7 11. Bd2 b5 12. Na3 a6 13. Rc1 Be6 14. Nxe5 Qxe5 15. Rxc6 Rfc8 16. f4 Qb8 17. Rxc8+ Bxc8 18. e5 Ng4 19. Bxa8 Qxa8 20. Qf3 Qxf3 21. Rxf3 h5 22. Nc2 Bc5 23. h3 Bb7 24. Rf1 Ne3 25. Bxe3 dxe3 26. d4 Bb6 27. Re1 Be4 28. Nxe3 Bxd4 29. Kf2 a5 30. Rd1 Bxb2 31. Rd8+ Kh7 32. f5 Bxe5 33. g4 h4 34. g5 Bf4 35. Rd4 Bxe3+ 36. Kxe3 Bxf5 37. Rxh4+ Kg8 38. a3 g6 39. Kd4 Kg7 40. Kc5 Bd3 41. Rd4 Bf1 42. h4 Be2 43. Rd6 Bf1 44. Rb6 b4 45. a4 Bd3 46. Rb7 Bc2 47. Kb5 b3 48. Kxa5 Bd1 49. Rb6 Bc2 50. Rb7 Bd1 51. Rb4 Bc2 52. Kb6 b2 53. Rxb2 Bxa4 54. Rf2 Bb3 55. Kc5 Ba2 56. Kd6 Bb3 57. Ke7 Ba2 58. Rxa2 Kh7 59. Kxf7 Kh8 60. Kxg6 Kg8 61. Ra8# 1-0


[Site "https://www.chess.com"]

[Event "Titled Tuesday Blitz May 16 Early 2023"]
[White "Reprintsev, Alexander"]
[Black "Mikhaylova, Irina"]
[WhiteFideId "14100541"]
[BlackFideId "4109040"]
[WhiteElo "2218"]
[BlackElo "1975"]
[Result "1/2-1/2"]
[Round "06"]
[TimeControl "180+2"]
[Date "2023.05.16"]
[WhiteClock "0:00:10"]
[BlackClock "0:00:17"]

1. e4 c5 2. b3 Nf6 3. e5 Nd5 4. Nc3 Nxc3 5. dxc3 d5 6. exd6 Qxd6 7. Qxd6 exd6 8. Bc4 Be6 9. Bxe6 fxe6 10. Ne2 Nc6 11. Nf4 Kd7 12. Be3 Re8 13. O-O-O Kc7 14. Rhe1 Nd8 15. f3 Be7 16. Re2 Bf6 17. c4 Rhf8 18. g3 Bg5 19. Nh5 Bxe3+ 20. Rxe3 g6 21. Nf4 g5 22. Nd3 Rf6 23. Nf2 Rg6 24. Red3 Nf7 25. c3 h5 26. Ne4 Rd8 27. b4 b6 28. Kc2 g4 29. f4 Rgg8 30. a4 Rh8 31. a5 h4 32. Nf6 hxg3 33. hxg3 Rh2+ 34. Kb3 Nh6 35. Re3 cxb4 36. Rxe6 bxc3 37. Nd5+ Kc6 38. Re7 Rd7 39. Rxd7 Kxd7 40. axb6 axb6 41. Nxb6+ Kc6 42. Nd5 c2 43. Rc1 Nf5 44. Kb4 Nxg3 45. Ne3 Ne4 46. Nxc2 Nc5 47. Nd4+ Kc7 48. Rg1 Nd3+ 49. Kc3 Nxf4 50. Rxg4 Rh3+ 51. Kb4 Nd3+ 52. Kb5 Rh5+ 53. Ka6 Rh7 54. Rg3 Nc5+ 55. Kb5 Ne4 56. Ra3 Rd7 57. Ra7+ Kd8 58. Ra6 Nc5 59. Ra8+ Ke7 60. Nc6+ Kf7 61. Rh8 Rb7+ 62. Ka5 Nb3+ 63. Ka4 Nc5+ 64. Ka3 Rb6 65. Nd4 Ra6+ 66. Kb4 Rb6+ 67. Kc3 Na4+ 68. Kd3 Nc5+ 69. Ke3 Kg7 70. Rc8 Nb3 71. Ke4 Nxd4 72. Kxd4 Kf6 73. Kd5 Ke7 74. Rc7+ Kd8 75. Rc6 Rxc6 76. Kxc6 Ke7 77. Kd5 Kd7 78. c5 dxc5 79. Kxc5 1/2-1/2


[Site "https://www.chess.com"]

[Event "Titled Tuesday Blitz May 16 Early 2023"]
[White "KorolDimitriy75"]
[Black "Rose, Felix"]
[BlackFideId "5105722"]
[WhiteElo "2496"]
[BlackElo "2039"]
[Result "0-1"]
[Round "06"]
[TimeControl "180+2"]
[Date "2023.05.16"]
[WhiteClock "0:00:00"]
[BlackClock "0:00:04"]

1. d4 Nf6 2. c4 e6 3. Nc3 d5 4. Bg5 Be7 5. cxd5 exd5 6. e3 c6 7. Bd3 Nbd7 8. Qc2 h6 9. Bh4 Nh5 10. Bxe7 Qxe7 11. Nge2 Nb6 12. h3 Be6 13. O-O-O O-O-O 14. Kb1 Kb8 15. Rc1 Rhe8 16. g4 Nf6 17. Ng3 g6 18. Rhd1 h5 19. g5 Ng8 20. h4 Bg4 21. Re1 Qc7 22. Na4 Nxa4 23. Qxa4 Ne7 24. Rc3 Nc8 25. Rec1 Bd7 26. Qb4 Qb6 27. Qa3 Qc7 28. Qc5 Qd6 29. Qa5 Be6 30. Rb3 Qc7 31. Qb4 Qb6 32. Qc3 Qc7 33. Qxc6 Qxc6 34. Rxc6 Nd6 35. Rcc3 Rf8 36. Ne2 f6 37. gxf6 Rxf6 38. Nf4 Bf5 39. Nxd5 Bxd3+ 40. Rxd3 Rxf2 41. Ne7 Re8 42. Nxg6 Ne4 43. a3 Nd2+ 44. Ka2 Nxb3 45. Kxb3 Rf3 46. Ne5 Rh3 47. Kc4 Rxh4 48. Rd2 Rxe5 0-1


[Site "https://www.chess.com"]